Map: [ESL] Data-C

Players

HeroMarine - Winner!

  • Race: Terran Terran
  • Spawn Location: 9:00

Lambo

  • Race: Zerg Zerg
  • Spawn Location: 3:00

Event: DreamHack SC2 Masters 2022 Atlanta (Online)

VOD

Have the link to the VOD?

Description

Time

  • Played on: Oct. 9, 2022, 10:25 a.m.
  • Length: 10:41

All games in this series

Show
View Real Time Build Order
Export as new Build Order

HeroMarine Terran - Winner!

Build Orders: Reaper Expand, Hellion Banshee 

Get SALT Encoding   

  12  0:00  SCV  
  13  0:12  SCV  
  14  0:17  Supply Depot  
  14  0:24  SCV  
  15  0:38  SCV  
  15  0:41  Barracks  
  16  0:43  Refinery  
  16  0:50  SCV  
  17  1:03  SCV  
  18  1:15  SCV  
  19  1:28  Reaper, Orbital Command  
  20  1:40  Command Center  
  20  1:47  Supply Depot  
  20  1:53  SCV  
  21  1:59  Marine  
  22  2:05  SCV  
  23  2:10  Factory  
  23  2:17  SCV  
  23  2:20  Barracks Reactor  
  24  2:29  SCV  
  25  2:42  SCV, Command Center  
  26  2:52  Orbital Command  
  26  2:54  SCV  
  27  2:59  Starport  
  27  3:02  Refinery  
  27  3:06  SCV  
  32  3:13  Hellion x2  
  32  3:15  Barracks Tech Lab  
  32  3:18  SCV  
  32  3:19  SCV  
  34  3:30  SCV  
  34  3:31  SCV  
  40  3:34  Hellion x2  
  40  3:42  SCV  
  40  3:43  SCV  
  40  3:44  Banshee  
  40  3:45  Marine  
  46  3:53  Cloaking Field  
  46  3:54  Orbital Command  
  46  3:55  SCV x2  
  48  3:59  Hellion  
  48  4:01  Hellion  
  52  4:07  Supply Depot, SCV  
  52  4:09  SCV  
  54  4:11  Barracks Tech Lab  
  54  4:19  SCV  
  54  4:20  SCV  
  54  4:21  SCV  
  57  4:27  Banshee  
  57  4:29  Supply Depot  
  57  4:30  Hellion  
  64  4:31  SCV, Hellion  
  64  4:33  Marine  
  64  4:35  Stimpack  
  64  4:38  SCV  
  67  4:39  SCV  
  67  4:42  Refinery  
  67  4:43  SCV  
  69  4:51  SCV  
  70  4:54  Barracks  
  70  4:55  SCV  
  70  4:56  Supply Depot, Marine  
  70  4:58  Barracks  
  72  5:02  SCV, Factory Reactor  
  72  5:03  SCV  
  74  5:08  SCV  
  74  5:09  Engineering Bay  
  74  5:10  Engineering Bay  
  75  5:14  SCV, Marine  
  75  5:20  SCV  
  78  5:22  Orbital Command  
  78  5:27  Barracks x2, Starport Reactor  
  78  5:29  SCV  
  78  5:32  SCV, Marine  
  78  5:33  Refinery  
  81  5:41  SCV  
  82  5:43  Marine x2  
  82  5:44  SCV  
  85  5:52  Supply Depot, Terran Infantry Armor Level 1, Terran Infantry Weapons Level 1  
  85  5:54  Marine  
  85  5:55  SCV x2  
  85  5:56  SCV, Marine  
  90  5:57  Marine  
  90  6:00  Marine  
  90  6:03  Marine  
  93  6:13  Marine  
  93  6:14  SCV x3, Medivac x2  
  101  6:25  Barracks Reactor  
  101  6:27  Barracks Reactor  
  101  6:30  Supply Depot x2, SCV x3, Siege Tank, Marine  
  101  6:31  Marine  
  109  6:48  Supply Depot, SCV x2, Medivac, Marine x4  
  109  6:49  Supply Depot  
  109  6:51  Marine  
  109  6:52  Medivac  
  120  6:54  Refinery  
  120  6:57  Armory  
  120  6:59  SCV, Refinery  
  120  7:00  SCV  
  122  7:01  SCV  
  122  7:04  Marine x3  
  122  7:05  Marine x2  
  122  7:06  Marine x2  
  122  7:08  Marine  
  131  7:09  Marine  
  132  7:18  Medivac  
  132  7:22  Medivac, Marine x3  
  134  7:23  Marine x3  
  134  7:24  Marine  
  134  7:28  Marine  
  134  7:29  Marine  
  145  7:30  Siege Tank  
  145  7:34  SCV x2  
  145  7:35  SCV  
  148  7:40  Marine  
  148  7:42  Marine x6  
  148  7:45  Marine  
  148  7:47  Marine  
  147  7:55  Combat Shield  
  147  7:56  Command Center  
  147  7:58  Marine  
  148  8:00  Marine  
  148  8:01  Marine x2  
  148  8:04  Marine x3  
  148  8:05  Marine x2  
  145  8:08  Siege Tank  
  145  8:09  Medivac x2  
  148  8:15  Marine  
  148  8:16  Factory  
  149  8:20  Marine x2  
  149  8:22  Marine  
  149  8:23  Marine  
Show
View Real Time Build Order
Export as new Build Order

Lambo Zerg 

Build Orders: Hatch First 

Get SALT Encoding   

  12  0:00  Drone  
  13  0:12  Overlord  
  13  0:16  Drone  
  14  0:30  Drone x2  
  16  0:48  Hatchery  
  15  0:51  Drone  
  15  0:55  Drone  
  17  0:58  Drone  
  18  1:09  Extractor  
  17  1:13  Spawning Pool  
  17  1:16  Drone  
  17  1:20  Drone  
  18  1:27  Drone  
  19  1:38  Drone  
  20  1:49  Drone  
  21  2:00  Zergling x2, Queen x2  
  21  2:01  Zergling x2  
  27  2:10  Drone  
  27  2:13  Overlord  
  28  2:21  Hatchery  
  27  2:25  Drone  
  28  2:32  Drone x2  
  28  2:36  Drone  
  31  2:39  Queen  
  33  2:44  Overlord  
  33  2:47  Drone  
  34  2:52  Metabolic Boost  
  34  2:55  Drone  
  34  2:56  Drone  
  36  3:04  Queen  
  36  3:05  Drone  
  39  3:10  Drone x2  
  39  3:12  Drone  
  42  3:13  Drone  
  42  3:16  Drone  
  44  3:21  Overlord  
  44  3:26  Overlord  
  44  3:33  Queen  
  46  3:35  Queen  
  46  3:36  Drone  
  46  3:40  Drone x2  
  51  3:42  Drone  
  51  3:44  Drone x2  
  51  3:47  Overlord  
  54  3:49  Drone  
  54  3:53  Drone x2  
  57  3:56  Overlord  
  57  3:58  Evolution Chamber  
  57  4:03  Zergling x4  
  57  4:06  Drone x3  
  57  4:07  Drone  
  63  4:12  Drone  
  63  4:13  Queen  
  63  4:15  Overlord  
  66  4:17  Zergling x6  
  66  4:20  Overlord  
  69  4:29  Drone x3  
  72  4:35  Lair  
  72  4:38  Extractor  
  71  4:39  Baneling Nest  
  71  4:40  Drone x2  
  71  4:41  Drone  
  71  4:44  Drone x3  
  76  4:48  Spore Crawler  
  76  4:49  Drone x3  
  76  4:50  Spore Crawler x2  
  76  4:52  Drone  
  77  4:53  Zergling x2  
  77  4:54  Drone x4  
  77  4:58  Queen  
  84  5:01  Drone, Extractor x2  
  84  5:04  Drone  
  84  5:07  Drone  
  85  5:15  Zergling x6  
  85  5:20  Zergling x6  
  87  5:26  Drone x4  
  90  5:34  Overseer  
  90  5:38  Overlord  
  90  5:40  Overlord  
  89  5:48  Drone  
  89  5:51  Evolution Chamber x2  
  89  5:52  Drone x2  
  89  5:56  Drone, Extractor x2  
  89  5:57  Drone x3  
  91  5:58  Overlord  
  91  5:59  Drone x4  
  91  6:03  Drone  
  94  6:05  Hatchery  
  94  6:07  Drone x4  
  94  6:08  Centrifugal Hooks  
  94  6:09  Overseer  
  96  6:11  Drone x2  
  96  6:17  Drone  
  98  6:24  Drone x2  
  98  6:25  Zerg Ground Armor Level 1, Zerg Melee Weapons Level 1  
  98  6:29  Drone x6, Hatchery  
  103  6:33  Drone x2  
  103  6:38  Drone  
  104  6:48  Drone x3  
  107  6:59  Zergling x12  
  113  7:02  Baneling x5  
  113  7:08  Baneling, Overlord  
  113  7:13  Zergling x2, Overlord  
  113  7:14  Zergling x4  
  113  7:15  Queen x2  
  109  7:20  Hydralisk Den, Zergling x2  
  109  7:21  Zergling x12  
  119  7:27  Zergling x6  
  119  7:29  Zergling x4  
  114  7:32  Zergling x4  
  111  7:42  Zergling x2  
  111  7:43  Zergling x8  
  102  7:51  Overlord  
  102  7:54  Drone x2  
  102  7:55  Drone x2  
  102  7:56  Zergling x12  
  112  8:05  Hydralisk x5  
  106  8:08  Baneling x10  
  106  8:11  Hydralisk  
  117  8:13  Zergling x2  
  117  8:14  Baneling x4  
  117  8:18  Zergling x6  
  121  8:23  Overlord  
Tags
 
Add a new tag
Caveats
  • Supply blocks, unpowered buildings, or Contaminate may cause inaccurate times.
  • Supply counts are checked every 10 seconds.